 Dungeon Crawl Stone Soup version 0.30-a0-603-g51a0fb1b98 (webtiles) character file.

Game seed: 7283306033162811497

42 Leeroy the Ruffian (level 3, -3/28 HPs)
             Began as a Draconian Transmuter on Jan 7, 2023.
             Slain by a goblin
             ... wielding a +0 club
             ... led by Robin
              (5 damage)
             ... on level 2 of the Dungeon.
             The game lasted 00:01:04 (464 turns).

Leeroy the Ruffian (Draconian Transmuter)            Turns: 464, Time: 00:01:04

Health: -3/28      AC:  5    Str: 14    XL:     3   Next: 33%
Magic:  5/6        EV: 12    Int: 13    God:
Gold:   19         SH:  0    Dex: 11    Spells: 5/6 levels left

rFire   . . .      SeeInvis .      - Unarmed
rCold   . . .      Faith    .    (no shield)
rNeg    . . .      Spirit   .    (body armour unavailable)
rPois   .          Reflect  .    (helmet restricted)
rElec   .          Harm     .    (no cloak)
rCorr   .          Rampage  .    (no gloves)
Will    .....                    (no boots)
Stlth   +                        (no amulet)
HPRegen 0.24/turn                (no ring)
MPRegen 0.10/turn                (no ring)

@: no status effects
A: AC +5, unfitting armour, cold-blooded
a: no special abilities


You were on level 2 of the Dungeon.
You visited 1 branch of the dungeon, and saw 2 of its levels.

You collected 19 gold pieces.

Inventory:

Scrolls
 b - a scroll of fear {unknown}
 c - a scroll of enchant weapon {unknown}
 e - a scroll of fog {unknown}
Potions
 a - a potion of lignification
 d - a potion of flight {unknown}


   Skills:
 - Level 1.1 Fighting
 + Level 2.2 Dodging
 + Level 4.0 Unarmed Combat
 - Level 2.1 Spellcasting
 + Level 2.1 Transmutations


You had 5 spell levels left.
You knew the following spells:

 Your Spells              Type           Power      Damage    Failure   Level
a - Beastly Appendage     Tmut           12%        N/A       11%         1

Your spell library contained the following spells:

 Spells                   Type           Power      Damage    Failure   Level
 Wereblood                Tmut           6%         N/A       16%         2
 Spider Form              Tmut/Pois      4%         N/A       43%         3
 Ice Form                 Ice/Tmut       4%         N/A       85%         4


Dungeon Overview and Level Annotations

Branches:
Dungeon (1/15)

Altars:


Innate Abilities, Weirdness & Mutations

Your plain brown scales are hard. (AC +5)
You cannot fit into any form of body armour.
You are cold-blooded and may be slowed by cold attacks.


Message History

Your experience leads to an increase in your attributes!
Increase (S)trength, (I)ntelligence, or (D)exterity?
You feel stronger. x2; Your scales feel tougher.
You hit Robin. You headbutt Robin.
Robin is heavily wounded.
Robin says, "My goblins will feast on your bones."
Robin hits you but does no damage. The giant cockroach barely misses you.
You hit Robin. You claw Robin. You tail-slap Robin, but do no damage.
Robin is almost dead.
Robin says, "Bow before me, strongest of all the hobgoblins!"
Robin roars a battlecry!
The goblins go into a battle-frenzy!
The giant cockroach closely misses you.
You completely miss Robin. You headbutt Robin.
You kill Robin!
The giant cockroach barely misses you.
You closely miss the hobgoblin. You claw the hobgoblin.
You tail-slap the hobgoblin, but do no damage.
The hobgoblin is almost dead.
The giant cockroach misses you. The hobgoblin hits you.
* * * LOW HITPOINT WARNING * * *
You barely miss the hobgoblin. Your kick misses the hobgoblin.
Your headbutt misses the hobgoblin.
The hobgoblin is almost dead.
Your horns disappear.
Your talons disappear.
The giant cockroach bites you but does no damage.
The hobgoblin closely misses you.
You closely miss the hobgoblin. You tail-slap the hobgoblin.
You kill the hobgoblin!
The giant cockroach barely misses you.
You barely miss the hobgoblin. The giant cockroach barely misses you.
The hobgoblin closely misses you.
You hit the hobgoblin.
You kill the hobgoblin!
The giant cockroach closely misses you.
Your Unarmed Combat skill increases to level 4!
You barely miss the goblin. The giant cockroach bites you.
* * * LOW HITPOINT WARNING * * *
The goblin hits you with a +0 club.
You die...

.. #.#..#.#..#.# #
... #.#..†.'..#.# #..
#.####.####.### #...
#..............
#...>#.##############
#....................
#.....#.).##########.
#..........#######.
#........)@........
#.........gB####.##
#.........g.†###
##.........#...#
##...#...####)##
######### #.)#
##)#####...
#.....gg.g
........#g###..


You could see a giant cockroach and 2 goblins.

Vanquished Creatures
  Robin (D:2)
  3 ball pythons (D:2)
  3 giant cockroaches
  9 goblins
  3 hobgoblins
  A jackal (D:2)
  2 bats (D:1)
  2 kobolds
  5 rats
29 creatures vanquished.

Notes
Turn   | Place    | Note
-------+----------+-------------------------------------------
     0 | D:1      | Leeroy the Draconian Transmuter began the quest for the
                  | Orb.
     0 | D:1      | Reached XP level 1. HP: 16/16 MP: 3/3
   160 | D:1      | Reached XP level 2. HP: 19/23 MP: 5/5
   284 | D:1      | You fall into a shaft and drop 1 floor!
   431 | D:2      | Noticed Robin
   456 | D:2      | Reached XP level 3. HP: 6/28 MP: 4/6
   458 | D:2      | Killed Robin
   464 | D:2      | Reached skill level 4 in Unarmed Combat
   464 | D:2      | Slain by a goblin

Illustrated notes

Levels and vault maps discovered:
D:1:      dpeg_arrival_water_altar, layout_basic
D:2:      minmay_door_path, layout_rooms, kennysheep_big_empty_room,
          st_stairs_6, uniq_natasha, uniq_robin

Skill      XL: |  1  2  3 |
---------------+----------+-----
Dodging        | 2 |  2.2
Unarmed Combat | 4 |  4.0
Fighting       | |  1.1
Spellcasting   | |  2.1
Transmutations | |  2.1

Action                   || total
-------------------------++-------
Melee: Unarmed           ||    85
       Tailslap          ||    13
       Punch             ||     2
       Kick              ||     7
       Headbutt          ||     4
 Cast: Beastly Appendage ||     3
Armor: Skin              ||    30
Dodge: Dodged            ||    53

Table legend: (Time is in decaauts)
 A = Elapsed time spent in this place.
 B = Non-inter-level travel time spent in this place.
 C = Inter-level travel time spent in this place.
 D = Time resting spent in this place.
 E = Time spent auto-exploring this place.
 F = Levels seen in this place.
 G = Mean time per level.
                   A        B        C        D        E       F      G
               +--------+--------+--------+--------+--------+-----+--------+
         Total |    458 |    458 |      0 |      0 |    312 |   2 |  229.0 |
       Dungeon |    458 |    458 |      0 |      0 |    312 |   2 |  229.0 |
               +--------+--------+--------+--------+--------+-----+--------+

Top non-repeatable levels by time:
     D:1: 282 daAuts
     D:2: 176 daAuts
